 Dungeon Crawl Stone Soup version 0.16.1-14-g82efdee (webtiles) character file.

1412 KarvaRausku the Cleaver (level 9, -2/63 HPs)
             Began as a Human Fighter on Apr 14, 2015.
             Slain by Prince Ribbit (12 damage)
             ... on level 6 of the Dungeon.
             The game lasted 00:12:40 (6226 turns).

KarvaRausku the Cleaver (Human Fighter)             Turns: 6226, Time: 00:12:41

Health: -2/63      AC: 11    Str: 23    XL:     9   Next: 2%
Magic:  9/9        EV:  4    Int:  9    God:
Gold:   600        SH:  9    Dex: 13    Spells: 0 memorised, 8 levels left

rFire  . . .     SeeInvis +     a - +0 war axe
rCold  . . .     Clarity  .     I - -2 plate armour of Toarph {Str+4} (curse)
rNeg   . . .     SustAb   .     c - +0 shield
rPois  +         Gourm    .     l - +0 helmet
rElec  .         Spirit   .     (no cloak)
rCorr  .         Warding  .     y - +0 pair of gloves
rMut   .         Stasis   .     (no boots)
MR     .....                    (no amulet)
Stlth  ..........               j - ring of see invisible
                                s - ring of poison resistance

@: hasted, very quick, not resistant to hostile enchantments, extremely
unstealthy
A: no striking features
a: no special abilities


You were on level 6 of the Dungeon.
You were not hungry.

You visited 1 branch of the dungeon, and saw 6 of its levels.
You also visited: Ossuary.

You collected 600 gold pieces.

Inventory:

Hand weapons
 a - a +0 war axe (weapon)
 J - a +2 quarterstaff of chaos
Armour
 b - a +0 scale mail
 c - a +0 shield (worn)
 l - a +0 helmet (worn)
 t - a +0 chain mail
 x - a +0 helmet
 y - a +0 pair of gloves (worn)
 I - the cursed -2 plate armour of Toarph (worn) {Str+4}
   (You found it on level 6 of the Dungeon)

   It affects your strength (+4).
   It has a curse placed upon it.
 K - a cursed +0 cloak
Jewellery
 g - an uncursed ring of stealth
 i - an uncursed ring of protection from cold
 j - a ring of see invisible (right hand)
 s - a ring of poison resistance (left hand)
 v - an uncursed ring of invisibility
 H - a cursed ring of teleportation {unknown}
 L - a cursed ring of protection from magic {unknown}
Magical devices
 e - a wand of paralysis (17)
 G - a wand of fireball (4)
Scrolls
 h - 4 scrolls of identify {unknown}
 u - 3 scrolls of teleportation {unknown}
 w - 3 scrolls of amnesia {unknown}
 A - a scroll of blinking {unknown}
 B - a scroll of fear {unknown}
 C - a scroll of fog {unknown}
 E - a scroll of magic mapping {unknown}
 F - a scroll of recharging {unknown}
Potions
 m - a potion of flight {unknown}
 q - a potion of magic
 r - a potion of curing
 z - 4 potions of agility {unknown}
 D - a potion of restore abilities {unknown}
Books
 M - a book of Unlife

   Spells                             Type                      Level
   a - Recall                         Summoning/Translocation      3
   b - Animate Dead                   Necromancy                   4
   c - Control Undead                 Necromancy                   4
   d - Cigotuvi's Embrace             Necromancy                   5
   e - Death Channel                  Necromancy                   6
   f - Simulacrum                     Ice/Necromancy               6
Comestibles
 d - 4 bread rations
 k - 4 fruits
 o - 2 meat rations
 p - 2 beef jerkies


   Skills:
 - Level 3.0 Fighting
 + Level 10.5 Axes
 - Level 3.0 Armour
 - Level 3.0 Shields


You had 8 spell levels left.
You didn't know any spells.

Dungeon Overview and Level Annotations

Branches:
Dungeon (6/15)
 Temple: D:4-7

Altars:
Elyvilon

Shops:
D:4 [   D:6 }

Annotations:
D:6 Prince Ribbit


Message History

You miss Prince Ribbit.
Prince Ribbit hits you but does no damage.
Prince Ribbit catches a millipede with his tongue.
Prince Ribbit hits you but does no damage.
You hit Prince Ribbit but do no damage. You block Prince Ribbit's attack.
Prince Ribbit blinks!
You slice Prince Ribbit!!
Prince Ribbit is heavily wounded.
Prince Ribbit hits you!
Prince Ribbit momentarily phases out as your attack passes through him.
Prince Ribbit is heavily wounded.
You block Prince Ribbit's attack. Prince Ribbit hits you!
* * * LOW HITPOINT WARNING * * *
Drink which item? (? for menu, Esc to quit)
It was a potion of magic.
Magic courses through your body. Prince Ribbit hits you.
* * * LOW HITPOINT WARNING * * *
Drink which item? (? for menu, Esc to quit)
It was a potion of haste.
You feel yourself speed up. Prince Ribbit hits you!
You die...

### ...
#.# #.#
#.##
####..#
#.....#
#.@F#
###.##
##.# #.##
. ##.# ..#
#..###...#
#.......#
##.......#
#........#


You could see Prince Ribbit.

Vanquished Creatures
  A centaur (D:6)
  An ogre (D:4)
  An elf zombie (Ossuary)
  The ghost of tesudzi the Ruffian, an average VSMo (D:3)
  4 scorpions
  A giant frog zombie (D:5)
  3 crimson imps
  Crazy Yiuf (D:6)
  A centaur zombie (D:6)
  4 orc priests
  2 hounds
  3 iguanas
  2 worker ants (D:4)
  Natasha (twice) (D:6)
  An orc wizard (D:6)
  3 big kobold zombies (Ossuary)
  A hound skeleton (D:5)
  2 mummies (Ossuary)
  4 gnolls (D:4)
  11 adders
  2 giant mites (D:5)
  A white imp (D:6)
  A worm (D:2)
  An adder skeleton (D:4)
  A giant gecko (D:4)
  An ooze (D:2)
  18 orcs
  5 bats
  3 giant cockroaches
  10 hobgoblins
  10 jackals
  14 kobolds
  2 quokkas (D:4)
  2 ball pythons (D:3)
  A giant gecko zombie (D:5)
  5 giant newts
  5 gnoll zombies (Ossuary)
  19 goblins
  4 goblin zombies (Ossuary)
  A hobgoblin zombie (Ossuary)
  A quokka zombie (D:6)
  12 rats
168 creatures vanquished.

Vanquished Creatures (others)
  A goblin (D:2)
1 creature vanquished.

Grand Total: 169 creatures vanquished

Notes
Turn   | Place    | Note
--------------------------------------------------------------
     0 | D:1      | KarvaRausku, the Human Fighter, began the quest for the Orb.
     0 | D:1      | Reached XP level 1. HP: 18/18 MP: 1/1
   176 | D:1      | Reached XP level 2. HP: 20/24 MP: 2/2
   580 | D:1      | Reached XP level 3. HP: 29/29 MP: 3/3
  1018 | D:2      | Found a white marble altar of Elyvilon.
  1334 | D:2      | Reached skill level 4 in Axes
  1334 | D:2      | Reached XP level 4. HP: 24/35 MP: 4/4
  2227 | D:3      | Reached XP level 5. HP: 41/41 MP: 5/5
  2432 | D:3      | Reached skill level 5 in Axes
  2818 | D:3      | Noticed tesudzi's ghost (average VSMo)
  2832 | D:3      | Killed tesudzi's ghost
  2832 | D:3      | Reached skill level 6 in Axes
  2832 | D:3      | Reached XP level 6. HP: 35/47 MP: 6/6
  3014 | D:4      | Reached XP level 7. HP: 32/52 MP: 7/7
  3078 | D:4      | Reached skill level 7 in Axes
  3770 | D:4      | Reached skill level 8 in Axes
  3795 | D:4      | Found Claahiaw's Armour Shop.
  4137 | D:4      | Reached XP level 8. HP: 58/58 MP: 8/8
  4208 | D:5      | Entered Level 5 of the Dungeon
  4581 | D:5      | Reached skill level 9 in Axes
  5067 | D:6      | Found Suecom's Gadget Shop.
  5153 | D:6      | Got a faintly glowing plate armour
  5174 | D:6      | Identified the cursed -2 plate armour of Toarph {Str+4} (You found it on level 6 of the Dungeon)
  5244 | D:6      | Noticed Crazy Yiuf
  5251 | D:6      | Killed Crazy Yiuf
  5326 | D:6      | Noticed Natasha
  5344 | D:6      | Killed Natasha
  5383 | D:6      | Found a sand-covered staircase.
  5397 | D:6      | Reached skill level 10 in Axes
  5405 | Ossuary  | Entered an ossuary
  5883 | D:6      | Noticed Prince Ribbit
  5915 | D:6      | Reached XP level 9. HP: 14/63 MP: 9/9
  6136 | D:6      | Noticed Natasha
  6146 | D:6      | Killed Natasha
  6226 | D:6      | Slain by Prince Ribbit

Action                   |  1- 3 |  4- 6 |  7- 9 || total
-------------------------+-------+-------+-------++-------
Melee: War axe           |   126 |   179 |   391 ||   696
 Abil: Evoke Invisibilit |       |       |     1 ||     1
  Use: Potion            |       |       |     4 ||     4
 Stab: Invisible         |       |       |     2 ||     2
  Eat: Chunk             |     1 |     6 |    10 ||    17
       Pizza             |       |       |     1 ||     1
